 Dungeon Crawl Stone Soup version 0.29.1-15-g9cfb28693d (webtiles) character file.

Game seed: 2030411290834616122

277 javelincjr the Ducker (level 6, -4/46 HPs)
             Began as a Djinni Hedge Wizard on May 2, 2023.
             Was an Initiate of Qazlal.
             Slain by Duvessa
             ... wielding a +0 short sword
              (11 damage)
             ... on level 4 of the Dungeon.
             The game lasted 00:22:29 (5392 turns).

javelincjr the Ducker (Djinni Hedge Wizard)         Turns: 5392, Time: 00:22:29

Health: -4/46      AC:  2    Str: 11    XL:     6   Next: 50%
Gold:   205        EV: 17    Int: 15    God:    Qazlal [......] SH:  0 Dex: 13

rFire   + + .      SeeInvis .   m - +3 dagger (venom)
rCold   x . .      Faith    .   (no shield)
rNeg    . . .      Spirit   .   b - +0 robe
rPois   ∞          Reflect  .   c - +0 hat
rElec   .          Harm     .   (no cloak)
rCorr   .          Rampage  .   (no gloves)
Will    .....                   (boots unavailable)
Stlth   ++........              (no amulet)
HPRegen 0.15/turn               i - ring of wizardry
MPRegen 0.00/turn               f - +4 ring of evasion

@: flying
A: sickness immunity, fire resistance 2, cold vulnerability 1, float, innate
caster, HP casting, extra vitality 1
a: Renounce Religion


You were on level 4 of the Dungeon.
You worshipped Qazlal.
Qazlal was noncommittal.
You visited 2 branches of the dungeon, and saw 5 of its levels.

You collected 205 gold pieces.

Inventory:

Hand Weapons
 j - a +2 short sword of protection
 k - a +2 dagger of distortion
 m - a +3 dagger of venom (weapon)
 o - a +4 whip of electrocution
Armour
 b - a +0 robe (worn)
 c - a +0 hat (worn)
Jewellery
 f - a +4 ring of evasion (right hand)
 i - a ring of wizardry (left hand)
Wands
 t - a wand of iceblast (7)
Scrolls
 a - a scroll of butterflies {unknown}
 e - a scroll of blinking {unknown}
 g - a scroll of identify {unknown}
 v - a scroll of magic mapping
Potions
 d - 2 potions of might
 h - a potion of ambrosia {unknown}
 l - a potion of curing
 n - a potion of mutation {unknown}
 p - 2 potions of heal wounds {unknown}
 q - a potion of degeneration {unknown}
 s - a potion of flight {unknown}


   Skills:
 * Level 3.1 Fighting
 + Level 0.6 Short Blades
 + Level 0.8 Armour
 + Level 3.5 Dodging
 + Level 2.8 Stealth
 * Level 3.3 Spellcasting


You couldn't memorise any spells.
You knew the following spells:

 Your Spells              Type           Power      Damage    Failure   Level
a - Magic Dart            Conj           48%        1d5       1%          1
b - Blink                 Tloc           24%        N/A       3%          2
c - Call Imp              Summ           12%        N/A       3%          2
d - Slow                  Hex            48%        N/A       1%          1
e - Conjure Flame         Conj/Fire      12%        6-21      6%          3
f - Mephitic Cloud        Conj/Pois/Air  12%        N/A       6%          3
g - Sandblast             Erth           24%        2d8       1%          1
h - Passwall              Tmut/Erth      10%        N/A       3%          2
Your spell library was empty.

Dungeon Overview and Level Annotations

Branches:
Dungeon (4/15)             Temple (1/1) D:4

Altars:
Cheibriados
Dithmenos
Elyvilon
Gozag
Hepliaklqana
Makhleb
Nemelex Xobeh
Okawaru
Qazlal
Ru
Trog
Yredelemnul
Zin
The Shining One

Shops:
D:4 ::

Annotations:
D:4 Duvessa


Innate Abilities, Weirdness & Mutations

You are immune to sickness and miasma.
You are immune to poison.
Your flesh is very heat resistant. (rF++)
You are vulnerable to cold. (rC-)
You float through the air rather than walking.
You learn spells naturally, not from books.
Your magical power is your life essence.
You have superior vitality. (+4 MHP)


Message History

The endoplasm freezes you.
You are frozen.
You feel a terrible chill! The endoplasm barely misses you.
Casting: Sandblast (safe; 1% risk of failure)
Confirm with . or Enter, or press ? or * to list all spells.
Aiming: Sandblast (safe; 1% risk of failure)
Press: ? - help, Shift-Dir - straight line, f/p - endoplasm
Aim: an endoplasm (moderately wounded, 98% to hit)
The blast of sand hits the endoplasm!
You kill the endoplasm!
Qazlal accepts your kill.
Duvessa is nearby!
Casting: Sandblast (safe; 1% risk of failure)
Confirm with . or Enter, or press ? or * to list all spells.
Aiming: Mephitic Cloud (dangerous; 6% risk of failure)
Press: ? - help, Shift-Dir - straight line, f - Duvessa
Aim: Duvessa, wielding a +0 short sword and wearing a +0 leather armour (wandering, hasn't noticed you, chance to affect: 81%)
The ball explodes into a vile cloud!
The stinking cloud engulfs Duvessa but does no damage.
Duvessa shouts!
Duvessa goes berserk!
Duvessa is engulfed in noxious fumes.
Duvessa appears confused.
Duvessa is engulfed in noxious fumes.
Duvessa appears confused.
Duvessa hits you with a +0 short sword!
Casting: Mephitic Cloud (dangerous; 6% risk of failure)
Confirm with . or Enter, or press ? or * to list all spells.
You blink.
Duvessa is engulfed in noxious fumes.
Duvessa appears confused.
Duvessa is engulfed in noxious fumes.
Duvessa hits you with a +0 short sword.
Duvessa is engulfed in noxious fumes.
Duvessa appears confused.
Duvessa hits you with a +0 short sword!
* * * LOW HITPOINT WARNING * * *
Duvessa is engulfed in noxious fumes.
Casting: Blink (safe; 3% risk of failure)
Confirm with . or Enter, or press ? or * to list all spells.
The fire begins to smoulder!
* * * LOW HITPOINT WARNING * * *
Duvessa barely misses you.
Duvessa barely misses herself.
The fire ignites!
You feel stable enough to blink again.
You hit Duvessa but do no damage.
Duvessa is poisoned.
Duvessa is engulfed in blazing flames.
Duvessa hits you with a +0 short sword!
You die...

#.#...###.########.>#############
...........................†.....
..##............###.###..########
#. #...###.###### #......# #
..###.......# ######.# #
#.........#.# #.########
###.###...#.# #######.....[..#
#.###.#.#.######..........###.#
#.........#..e@..########.# #.#
##..#.#.#....###### #.# #.#
#.....#.###...### #.# #.#
#..#.##...###...# #.# #.#
#....#........#.# #.# #.#
#...##..>).##...# #.# #.#
#.#.....[..#..### #.# #.#
#...###...##.##### ###.###.#
##....###.#....... .<.......


You could see Duvessa (berserk, confused, poisoned).

Vanquished Creatures
  Dowan (D:4)
  An orc priest (D:3)
  An orc wizard (D:2)
  5 adders
  4 gnolls (D:4)
  2 dart slugs
  6 orcs
  7 ball pythons
  6 bats
  6 endoplasms
  3 giant cockroaches
  6 hobgoblins
  2 quokkas
  5 frilled lizards
  6 goblins
  9 kobolds
  6 rats
76 creatures vanquished.

Vanquished Creatures (collateral kills)
  A worm (D:2)
  3 orcs
  A giant cockroach (D:2)
5 creatures vanquished.

Grand Total: 81 creatures vanquished

Notes
Turn   | Place    | Note
-------+----------+-------------------------------------------
     0 | D:1      | javelincjr the Djinni Hedge Wizard began the quest for the
                  | Orb.
     0 | D:1      | javelincjr set off with the following spells memorised:
                  | Magic Dart, Blink, Call Imp, Slow, Conjure Flame, Mephitic
                  | Cloud.
     0 | D:1      | Reached XP level 1. HP: 15/15 MP: 0/0
   270 | D:1      | Reached XP level 2. HP: 18/21 MP: 0/0
   871 | D:1      | Reached XP level 3. HP: 24/26 MP: 0/0
   871 | D:1      | Learned a level 1 spell: Sandblast
  1102 | D:1      | Reached skill level 1 in Fighting
  2093 | D:2      | Reached XP level 4. HP: 28/32 MP: 0/0
  3213 | D:2      | Reached XP level 5. HP: 36/38 MP: 0/0
  3213 | D:2      | Learned a level 2 spell: Passwall
  3254 | D:3      | Found a faded altar of an unknown god.
  4411 | D:4      | Found Gode's Book Shoppe.
  4471 | D:4      | Found Pugheu's Book Shop.
  4491 | D:4      | Found a staircase to the Ecumenical Temple.
  4516 | Temple   | Entered the Ecumenical Temple
  4516 | Temple   | Found a transporter.
  4516 | Temple   | Found a transporter.
  4518 | Temple   | Found a transporter.
  4518 | Temple   | Found a transporter.
  4541 | Temple   | Became a worshipper of Qazlal Stormbringer
  4633 | D:4      | Noticed Duvessa
  4650 | D:4      | Noticed Dowan
  4898 | D:4      | Killed Dowan
  4899 | D:4      | Reached XP level 6. HP: 8/45 MP: 0/0
  5392 | D:4      | Slain by Duvessa

Illustrated notes

Levels and vault maps discovered:
D:1:      beargit_arrival_greenhouse, layout_basic, minmay_distorted
D:2:      layout_loops_corners, kennysheep_generic_room_10
D:3:      layout_loops_ring, basic_ecumenical_altar, minivault_14,
          kennysheep_generic_room_15
D:4:      layout_loops_ring, mainiacjoe_overflow_concentric_impassable,
          minmay_temple_entry_slanted, serial_shops, nicolae_diamond_shop, shop,
          shop_statue, grunt_ministairs_14, uniq_duvessa
Temple:   hellmonk_temple_divided_pantheon

Skill      XL: |  1  2  3  4  5  6 |
---------------+-------------------+-----
Stealth        | 2 |  2.8
Fighting       | 1 2 3 |  3.1
Dodging        | 3 |  3.5
Spellcasting   | 3 |  3.3
Short Blades   | |  0.6
Armour         | |  0.8

Action                   |  1- 3 |  4- 6 || total
-------------------------+-------+-------++-------
Melee: Dagger            |     5 |     8 ||    13
       Short sword       |     2 |     5 ||     7
       Whip              |       |     2 ||     2
       Punch             |       |     1 ||     1
 Cast: Magic Dart        |    78 |    49 ||   127
       Sandblast         |     7 |    27 ||    34
       Call Imp          |       |    14 ||    14
       Mephitic Cloud    |       |     9 ||     9
       Blink             |       |     3 ||     3
       Slow              |       |     1 ||     1
       Passwall          |       |     1 ||     1
       Conjure Flame     |       |     1 ||     1
  Use: Scroll            |       |     5 ||     5
       Potion            |       |     2 ||     2
 Stab: Sleeping          |     1 |       ||     1
Armor: Robe              |     1 |     2 ||     3
Dodge: Dodged            |    14 |    36 ||    50
